 Dungeon Crawl Stone Soup version 0.31-a0-345-g1ebeae05c6 (webtiles) character file.

Game seed: 3009775546931139175

193 billz999 the Covert (level 5, -4/35 HPs)
             Began as a Vampire Earth Elementalist on July 19, 2023.
             Was an Initiate of Gozag.
             Killed from afar by an orc wizard (9 damage)
             ... with a puff of flame
             ... on level 4 of the Dungeon on July 23, 2023.
             The game lasted 00:10:50 (3474 turns).

billz999 the Covert (Vampire Earth Elementalist)    Turns: 3474, Time: 00:10:51

Health: -4/35      AC:  2    Str:  7    XL:     5   Next: 44%
Magic:  0/8        EV: 12    Int: 20    God:    Gozag
Gold:   217        SH:  0    Dex: 14    Spells: 7/8 levels left

rFire   . . .        c - +3 dagger
rCold   . . .        (no shield)
rNeg    . . .        a - +0 robe
rPois   .            (no helmet)
rElec   .            (no cloak)
rCorr   .            (no gloves)
SInv    +            (no boots)
Will    .....        (no amulet)
Stlth   ++           (no ring)
HPRegen 0.45/turn    (no ring)
MPRegen 0.11/turn

%: no passive effects
@: confused, gold aura, healing quickly
A: alive, fangs 3, see invisible, vampiric 2
a: Exsanguinate, Renounce Religion, Potion Petition, Call Merchant, Bribe Branch


You were on level 4 of the Dungeon.
You worshipped Gozag.
Gozag was aware of your devotion.
You visited 1 branch of the dungeon, and saw 4 of its levels.

You collected 284 gold pieces.
You paid 67 gold pieces to Gozag.

Inventory:

Hand Weapons
 c - a +3 dagger (weapon)
Armour
 a - a +0 robe (worn)
Jewellery
 r - a ring of fire
Talismans
 g - a serpent talisman
 k - a beast talisman
 m - a blade talisman
Wands
 j - a wand of charming (10)
 o - a wand of digging (1)
Scrolls
 d - a scroll of fear {unknown}
 f - a scroll of blinking {unknown}
 h - a scroll of immolation
 i - a scroll of vulnerability
 l - 2 scrolls of noise {unknown}
 n - a scroll of revelation {unknown}
 p - a scroll of poison {unknown}
 s - a scroll of teleportation
 t - a scroll of fog {unknown}
 u - 2 scrolls of identify {unknown}
 w - a scroll of acquirement {unknown}
Potions
 b - a potion of magic
 e - 3 potions of curing {unknown}
 q - a potion of brilliance {unknown}
 v - a potion of mutation {unknown}


   Skills:
 - Level 2.1 Dodging
 - Level 8.0 Stealth
 - Level 2.0 Spellcasting
 + Level 3.0 Transmutations
 - Level 3.0 Earth Magic


You had 7 spell levels left.
You knew the following spells:

 Your Spells              Type           Power      Damage    Failure   Level
a - Sandblast             Erth           28%        2d8       4%          1

Your spell library contained the following spells:

 Spells                   Type           Power      Damage    Failure   Level
 Passwall                 Tmut/Erth      11%        N/A       7%          2
 Stone Arrow              Conj/Erth      16%        3d8       26%         3
 Petrify                  Tmut/Erth      14%        N/A       41%         4


Dungeon Overview and Level Annotations

Branches:
Dungeon (4/15)
 Temple: D:4-7

Altars:
Gozag


Innate Abilities, Weirdness & Mutations

Your natural rate of healing is accelerated.
You have razor-sharp teeth.
You have supernaturally acute eyesight. (SInv)
You are afflicted with vampirism and can become a bat while bloodless.


Message History

You start resting.
An orc wizard is nearby!
You close the door, pushing everything out of the way.
You see here a +0 hand axe.
You start resting.
Something unseen opens the door.
You start resting.
An orc wizard is nearby!
Casting: Sandblast (safe; 4% risk of failure)
Confirm with . or Enter, or press ? or * to list all spells.
Aiming: Sandblast (safe; 4% risk of failure)
Press: ? - help, Shift-Dir - straight line, f/p - orc wizard
Aim: an orc wizard, wielding a +0 dagger and wearing a +0 robe (77% to hit)
The blast of sand misses the orc wizard.
The orc wizard hits you with a +0 dagger.
The orc wizard barely misses you.
Unknown command.
Casting: Sandblast (safe; 4% risk of failure)
Confirm with . or Enter, or press ? or * to list all spells.
Aiming: Sandblast (safe; 4% risk of failure)
Press: ? - help, Shift-Dir - straight line, f/p - orc wizard
Aim: an orc wizard, wielding a +0 dagger and wearing a +0 robe (77% to hit)
The blast of sand hits the orc wizard!
The orc wizard is severely wounded.
The orc wizard gestures at you while chanting.
You are confused.
You are too confused!
Unknown command.
You bump into the rock wall.
The orc wizard hits you with a +0 dagger.
You hit the orc wizard but do no damage.
The orc wizard is severely wounded.
The orc wizard casts a spell at you. The puff of flame hits you!
* * * LOW HITPOINT WARNING * * *
You miss the orc wizard. Your bite misses the orc wizard.
The orc wizard is severely wounded.
The orc wizard points at you and mumbles some strange words.
The puff of flame hits you!
You die...
Your body crumbles into a pile of gold.

#####...########
######.##.o.# #...........#
#...........# #...........#
##..##.############
###########o######.##..##
..........#....#....#...#
..........#....#@...#...#
..........#....o....#...#
..)..)....#...$#....#...#
#####.##.##..###...###.######
############'#########...#..#
............................#
...........)................#
......######'##.....##......#
......##.....##.....######..#


You could see an orc wizard.

Vanquished Creatures
  An orc priest (D:4)
  4 gnolls (D:4)
  5 adders
  3 dart slugs
  7 orcs (D:4)
  9 endoplasms
  A giant cockroach (D:1)
  7 goblins
  4 hobgoblins
  5 kobolds
  5 ball pythons
  10 bats
  4 frilled lizards
  6 rats
71 creatures vanquished.

Notes
Turn   | Place    | Note
-------+----------+-------------------------------------------
     0 | D:1      | billz999 the Vampire Earth Elementalist began the quest for
                  | the Orb.
     0 | D:1      | Reached XP level 1. HP: 13/13 MP: 3/3
   202 | D:1      | Reached skill level 4 in Stealth
   220 | D:1      | Reached XP level 2. HP: 19/19 MP: 0/5
   598 | D:1      | Reached skill level 5 in Stealth
  1242 | D:2      | Gained mutation: You are afflicted with vampirism and can
                  | become a bat while bloodless. [Vampire growth]
  1242 | D:2      | Reached XP level 3. HP: 24/24 MP: 4/6
  1678 | D:2      | Reached skill level 6 in Stealth
  2011 | D:3      | Upgraded the game from 0.31-a0-331-geda263fcf1 to
                  | 0.31-a0-345-g1ebeae05c6
  2334 | D:3      | Reached XP level 4. HP: 30/30 MP: 3/7
  2461 | D:3      | Reached skill level 7 in Stealth
  2867 | D:4      | Found an opulent altar of Gozag.
  2873 | D:4      | Became a worshipper of Gozag Ym Sagoz the Greedy
  3173 | D:4      | Reached skill level 8 in Stealth
  3177 | D:4      | Reached XP level 5. HP: 30/35 MP: 1/8
  3196 | D:4      | Identified the +1 ring mail of Gozag's Hatred {Harm}
  3474 | D:4      | Killed from afar by an orc wizard

Illustrated notes

Levels and vault maps discovered:
D:1:      lightli_arrival_isolated_outpost, layout_loops_corners
D:2:      layout_basic, serial_curves, eino_curves_02, eino_curves_04,
          nrook_campfire
D:3:      layout_loops_ring, general_overflow_altar
D:4:      layout_gridville, pdpol_temple_overflow_zin_treasury_gozag_greed

Skill      XL: |  1  2  3  4  5 |
---------------+----------------+-----
Stealth        | 4 5 6 8 |  8.0
Transmutations | 3 |  3.0
Dodging        | |  2.1
Spellcasting   | |  2.0
Earth Magic    | |  3.0

Action                     |  1- 3 |  4- 6 || total
---------------------------+-------+-------++-------
  Melee: Dagger            |    23 |     6 ||    29
   Cast: Sandblast         |    51 |    58 ||   109
    Use: Scroll            |       |     3 ||     3
   Stab: Sleeping          |     9 |       ||     9
 Armour: Robe              |    18 |     3 ||    21
  Dodge: Dodged            |    22 |    29 ||    51

Table legend: (Time is in decaauts)
 A = Elapsed time spent in this place.
 B = Non-inter-level travel time spent in this place.
 C = Inter-level travel time spent in this place.
 D = Time resting spent in this place.
 E = Time spent auto-exploring this place.
 F = Levels seen in this place.
 G = Mean time per level.
                   A        B        C        D        E       F      G
               +--------+--------+--------+--------+--------+-----+--------+
         Total |   3532 |   3467 |     65 |    136 |   2713 |   4 |  883.0 |
       Dungeon |   3532 |   3467 |     65 |    136 |   2713 |   4 |  883.0 |
               +--------+--------+--------+--------+--------+-----+--------+

Top non-repeatable levels by time:
     D:1: 1255 daAuts
     D:3: 841 daAuts
     D:4: 722 daAuts
     D:2: 712 daAuts
